 Dungeon Crawl Stone Soup version 0.30.0-15-g856e2d3f33 (webtiles) character file.

Game seed: 349351649650531470

102069 GloriousHammer the Warrior (level 16, -4/183 HPs)
             Began as an Ogre Cinder Acolyte on May 15, 2023.
             Was a High Priest of Sif Muna.
             Slain by a very large slime creature (55 damage)
             ... on level 14 of the Dungeon on May 20, 2023.
             The game lasted 02:18:36 (36260 turns).

GloriousHammer the Warrior (Ogre Cinder Acolyte)   Turns: 36260, Time: 02:18:36

Health: -4/183     AC: 18    Str: 26    XL:     16   Next: 32%
Magic:  34/37      EV: 11    Int: 23    God:    Sif Muna [*****.]
Gold:   879        SH:  0    Dex:  6    Spells: 6/31 levels left

rFire   + . .        a - +4 great mace (protect)
rCold   . . .        (shield currently unavailable)
rNeg    . . .        P - +2 troll leather armour
rPois   +            (helmet restricted)
rElec   .            E - +2 cloak "Cuorumit" {Str+4}
rCorr   .            (gloves unavailable)
SInv    .            (boots unavailable)
Will    +....        l - amulet of magic regeneration
Stlth   +            T - +4 ring of protection
HPRegen 1.30/turn    Z - ring "Roappirolu" {rPois rF+ MP+9 AC+4 Int+4}
MPRegen 0.65/turn

%: no passive effects
@: no status effects
A: large, unfitting armour, tough skin 1
a: Renounce Religion, Channel Magic, Forget Spell, Divine Exegesis


You were on level 14 of the Dungeon.
You worshipped Sif Muna.
Sif Muna was extremely pleased with you.
You visited 4 branches of the dungeon, and saw 22 of its levels.
You also visited: Bailey, Gauntlet, Ice Cave and Volcano.

You collected 2430 gold pieces.
You spent 1551 gold pieces at shops.

Inventory:

Hand Weapons
 a - a +4 great mace of protection (weapon)
 b - the +6 shillelagh "Devastator" {shatter}
   (You found it on level 3 of the Dungeon)
 F - a +1 antimagic morningstar
 J - the +10 hand axe of Wyrd {heavy, Int+4}
   (You found it on level 3 of the Dungeon)

   Int:       It affects your intelligence (+4).
Missiles
 j - 15 boomerangs
 G - 5 curare-tipped darts
 H - 6 large rocks (quivered)
 M - 8 datura-tipped darts
 O - 16 poisoned darts
Armour
 E - the +2 cloak "Cuorumit" (worn) {Str+4}
   (You found it in a bailey)

   Str:       It affects your strength (+4).
 P - a +2 troll leather armour (worn)
Jewellery
 c - a ring of ice
 f - a ring of protection from fire
 i - the ring of Jeoczin {rPois rF+ Str-4 Dex+4 Stlth+}
   (You found it in a Gauntlet)

   [ring of poison resistance]

   Str:       It affects your strength (-4).
   Dex:       It affects your dexterity (+4).
   rF:        It protects you from fire.
   rPois:     It protects you from poison.
   Stlth:     It makes you more stealthy.
 l - an amulet of magic regeneration (around neck)
 z - a ring of wizardry
 N - a ring of positive energy
 S - a +6 ring of strength
 T - a +4 ring of protection (left hand)
 Z - the ring "Roappirolu" (right hand) {rPois rF+ MP+9 AC+4 Int+4}
   (You bought it in a shop on level 6 of the Dungeon)

   [ring of protection]

   AC:        It affects your AC (+4).
   Int:       It affects your intelligence (+4).
   rF:        It protects you from fire.
   rPois:     It protects you from poison.
   MP:        It affects your magic capacity (+9).
Wands
 m - a wand of polymorph (6)
 u - a wand of flame (6)
 y - a wand of paralysis (6)
 L - a wand of quicksilver (3)
Scrolls
 e - 3 scrolls of vulnerability
 g - 6 scrolls of amnesia
 h - a scroll of acquirement {unknown}
 k - 7 scrolls of fog
 o - a scroll of torment
 s - 2 scrolls of magic mapping
 t - a scroll of blinking
 B - 3 scrolls of immolation
 C - 8 scrolls of poison
 I - a scroll of identify
 Q - 2 scrolls of silence
 R - 10 scrolls of teleportation
Potions
 d - 3 potions of cancellation
 n - 10 potions of heal wounds
 p - 8 potions of flight
 q - 5 potions of magic {unknown}
 r - 3 potions of lignification {unknown}
 v - 3 potions of attraction {unknown}
 w - 7 potions of curing
 x - 2 potions of resistance {unknown}
 A - 9 potions of might
 D - 4 potions of invisibility {unknown}
 K - 6 potions of brilliance {unknown}
 V - 7 potions of mutation
 Y - 2 potions of haste
Miscellaneous
 X - a phantom mirror


   Skills:
 - Level 17.4 Fighting
 - Level 12.0 Maces & Flails
 - Level 2.9 Throwing
 - Level 3.5 Armour
 - Level 11.6 Dodging
 - Level 2.0 Stealth
 - Level 8.0 Spellcasting
 - Level 2.0 Hexes
 - Level 5.0 Summonings
 - Level 2.0 Necromancy
 - Level 2.0 Transmutations
 - Level 3.1 Fire Magic
 - Level 2.0 Ice Magic
 + Level 13.6 Earth Magic
 - Level 3.0 Invocations


You had 6 spell levels left.
You knew the following spells:

 Your Spells              Type           Power      Damage    Failure   Level
a - Scorch                Fire           46%        2d6       3%          2
b - Call Canine Familiar  Summ           32%        N/A       3%          3
c - Summon Guardian Gole  Hex/Summ       25%        N/A       5%          3
d - Sublimation of Blood  Necr           18%        N/A       4%          2
e - Ozocubu's Armour      Ice            18%        N/A       10%         3
f - Wereblood             Tmut           18%        N/A       4%          2
g - Iron Shot             Conj/Erth      20%        9d5       58%         6
h - Passage of Golubria   Tloc           9%         N/A       58%         4

Your spell library contained the following spells:

 Spells                   Type           Power      Damage    Failure   Level
 Summon Small Mammal      Summ           100%       N/A       1%          1
 Stone Arrow              Conj/Erth      80%        3d12      1%          3
 Necrotise                Necr           72%        1d7       3%          1
 Foxfire                  Conj/Fire      64%        2x1d7     4%          1
 Cigotuvi's Dreadful Rot  Necr/Pois/Air  24%        N/A       9%          2
 Inner Flame              Hex/Fire       20%        N/A       9%          3
 Tukima's Dance           Hex            18%        N/A       10%         3
 Vampiric Draining        Necr           18%        2d7       10%         3
 Ignite Poison            Fire/Tmut/Pois 17%        N/A       12%         3
 Hailstorm                Conj/Ice       13%        3d5       16%         3
 Mephitic Cloud           Conj/Pois/Air  9%         N/A       22%         3
 Teleport Other           Tloc           9%         N/A       22%         3
 Ice Form                 Ice/Tmut       18%        N/A       32%         4
 Agony                    Necr           18%        N/A       67%         5
 Yara's Violent Unravell  Hex/Tmut       9%         3d6       67%         5
 Freezing Cloud           Conj/Ice/Air   6%         6-21      86%         5
 Iskenderun's Battlesphe  Conj           9%         2d6       91%         5
 Simulacrum               Ice/Necr       9%         N/A       99%         6
 Starburst                Conj/Fire      8%         6d4       99%         6
 Conjure Ball Lightning   Conj/Air       4%         3x3d6     100%        6
 Enfeeble                 Hex            9%         N/A       100%        7
 Malign Gateway           Summ/Tloc      10%        N/A       100%        7
 Orb of Destruction       Conj           4%         9d5       100%        7
 Ozocubu's Refrigeration  Ice            9%         4d9       100%        7
 Spellforged Servitor     Conj/Summ      10%        N/A       100%        7
 Summon Hydra             Summ           16%        N/A       100%        7


Dungeon Overview and Level Annotations

Branches:
Dungeon (14/15)            Temple (1/1) D:6            Lair (5/5) D:11
 Shoals (0/4) Lair:2        Snake (0/4) Lair:3        Slime (0/5) Lair:5
    Orc (2/2) D:9             Elf (0/3) Orc:2        Vaults (0/5) D:13
 Bailey (visited)           IceCv (visited)         Volcano (visited)
Gauntlet (visited)

Altars:
Ashenzari
Cheibriados
Dithmenos
Elyvilon
Fedhas
Gozag
Hepliaklqana
Kikubaaqudgha
Makhleb
Nemelex Xobeh
Okawaru
Qazlal
Ru
Sif Muna
Trog
Uskayaw
Vehumet
Wu Jian
Xom
Yredelemnul
Zin
The Shining One

Shops:
D:3 :   D:6 =   D:10 [   Orc:1 **   Orc:2 =[(*

Portals:
Trove: D:10 (give horn of Geryon)

Annotations:
Lair:2 exclusion: downstairs
Lair:4 2 transporters, exclusion: downstairs, Jackthecabe's ghost, journeyman DjFE
Orc:1 1 runed translucent door, exclusion: downstairs


Innate Abilities, Weirdness & Mutations

You are too large for most types of armour.
You have tough skin. (AC +1)


Message History

The centaur shoots an arrow.
The arrow hits your guardian golem.
Your guardian golem disappears in a puff of smoke!
Your guardian golem explodes!
The fiery explosion engulfs the red ugly thing!!
The red ugly thing resists.
The red ugly thing dies!
Sif Muna accepts your kill.
The fiery explosion engulfs the cyan ugly thing!
The fiery explosion engulfs the centaur!
The cyan ugly thing is engulfed in blazing flames.
You hit the cyan ugly thing but do no damage.
The cyan ugly thing is moderately wounded.
The centaur is engulfed in blazing flames.
The cyan ugly thing is engulfed in blazing flames.
The cyan ugly thing barely misses you.
The centaur is engulfed in blazing flames.
The centaur dies!
Sif Muna accepts your kill.
The cyan ugly thing is engulfed in blazing flames.
The cyan ugly thing stings you but does no damage.
You hit the cyan ugly thing.
The cyan ugly thing is severely wounded.
The cyan ugly thing is engulfed in blazing flames.
The cyan ugly thing barely misses you.
You barely miss the cyan ugly thing.
The cyan ugly thing is almost dead.
The cyan ugly thing is engulfed in blazing flames.
The cyan ugly thing dies!
Sif Muna accepts your kill.
Really walk into that cloud of flame? [Y]es or [N]o only, please.
Really walk into that cloud of flame?
Okay, then.
Found a club.
You start resting.
You are no longer corroded.
Unknown command.
You start resting.
HP restored.
You start waiting.
Done waiting.
Things that are here:
an ugly thing corpse; an ugly thing corpse
C - 8 scrolls of poison (gained 1)
Things that are here:
a +0 shortbow; a +0 falchion; a centaur corpse
Things that are here:
a +0 shortbow; a centaur corpse
Found a stone staircase leading up.
You now have 828 gold pieces (gained 22).
You see here a +0 shortbow.
Found a quarterstaff.
I - a scroll of identify;
G - 5 curare-tipped darts
Things that are here:
a +0 shortbow; a centaur skeleton
Things that are here:
a +0 shortbow; a +0 shortbow You swap places.
You now have 847 gold pieces (gained 19).
r - 3 bubbling ruby potions (gained 1)
A tengu warrior comes into view. It is wielding a +0 long sword.
The tengu warrior shouts!
A tengu conjurer comes into view.
The tengu conjurer shouts!
The tengu warrior throws a stone.
The stone hits you but does no damage.
Casting: Summon Guardian Golem (mildly dangerous; 5% risk of failure)
Confirm with . or Enter, or press ? or * to list all spells.
A guardian golem appears, shielding your allies.
The tengu warrior hits your guardian golem with a +0 long sword!
The tengu warrior pecks your guardian golem.
The tengu warrior claws your guardian golem but does no damage.
The tengu conjurer hits your guardian golem but does no damage.
The tengu conjurer pecks your guardian golem but does no damage.
The tengu conjurer claws your guardian golem but does no damage.
The tengu warrior hits your guardian golem with a +0 long sword!
The tengu warrior pecks your guardian golem but does no damage.
The tengu warrior claws your guardian golem.
Your guardian golem overheats!
The tengu conjurer hits your guardian golem but does no damage.
The tengu conjurer pecks your guardian golem but does no damage.
The tengu conjurer claws your guardian golem but does no damage.
The tengu warrior hits your guardian golem with a +0 long sword!
Flame seeps out of your guardian golem.
The tengu warrior pecks your guardian golem but does no damage.
The tengu warrior claws your guardian golem!
Flame seeps out of your guardian golem.
Your guardian golem is engulfed in blazing flames.
Your guardian golem disappears in a puff of smoke!
Your guardian golem explodes!
The fiery explosion engulfs the tengu conjurer!!!
The tengu conjurer dies!
Sif Muna accepts your kill.
The fiery explosion engulfs the tengu warrior!!
The tengu warrior is engulfed in blazing flames.
The tengu warrior throws a stone.
The stone hits you.
The tengu warrior is engulfed in blazing flames.
The tengu warrior dies!
Sif Muna accepts your kill.
You start resting.
HP restored.
You start waiting.
Done waiting.
Items here: ( ) [[.
You now have 866 gold pieces (gained 19).
A - 9 potions of might (gained 1)
You now have 879 gold pieces (gained 13).
q - 5 glowing grey potions (gained 1)
There is a shaft here.
Found a stone staircase leading down.
You pick up a Trismegistus Codex and begin reading...
You add the spells Cigotuvi's Dreadful Rot and Freezing Cloud to your library. 3 slime creatures come into view.
The slime creature quivers. x2
Two slime creatures merge to form a large slime creature.
Casting: Summon Guardian Golem (mildly dangerous; 5% risk of failure)
Confirm with . or Enter, or press ? or * to list all spells.
A guardian golem appears, shielding your allies.
Two slime creatures merge to form a very large slime creature.
Something hits your guardian golem.
A slime creature merges with something you can't see.
The very large slime creature hits your guardian golem!!!
Your guardian golem is destroyed!
Your guardian golem disappears in a puff of smoke!
Casting: Summon Guardian Golem (mildly dangerous; 5% risk of failure)
Confirm with . or Enter, or press ? or * to list all spells.
You miscast Summon Guardian Golem.
You are very lightly contaminated with residual magic.
Nothing appears to happen.
Casting: Summon Guardian Golem (mildly dangerous; 5% risk of failure)
Confirm with . or Enter, or press ? or * to list all spells.
A guardian golem appears, shielding your allies.
A slime creature comes into view.
You sock the very large slime creature!
Your weapon exudes an aura of protection.
The very large slime creature is lightly wounded.
The very large slime creature hits you.
A slime creature comes into view.
You bludgeon the very large slime creature!!
The very large slime creature is moderately wounded.
A very large slime creature splits.
You barely miss the large slime creature.
The large slime creature is moderately wounded.
The large slime creature hits you but does no damage.
Two slime creatures merge to form a large slime creature.
The slime creature hits you but does no damage.
You hit the large slime creature.
The large slime creature is moderately wounded.
The large slime creature completely misses you.
The slime creature hits you but does no damage.
The large slime creature hits you!!
You hit the large slime creature.
The large slime creature is moderately wounded.
The slime creature hits you but does no damage.
The large slime creature hits you but does no damage.
You sock the large slime creature!
The large slime creature is heavily wounded.
The slime creature hits you but does no damage.
The large slime creature hits you!
Your magical contamination has completely faded away.
You bludgeon the large slime creature!!
The large slime creature is severely wounded.
The slime creature hits you but does no damage.
Two slime creatures merge to form a very large slime creature.
The large slime creature hits you!
You sock the large slime creature!
The large slime creature is severely wounded.
The large slime creature barely misses you.
Unknown command.
The large slime creature attacks as you move away!
The large slime creature hits you!!
The very large slime creature hits your guardian golem!
The large slime creature hits your guardian golem but does no damage.
The very large slime creature hits your guardian golem!!!
Your guardian golem is destroyed!
Your guardian golem disappears in a puff of smoke!
A cyclops comes into view.
You swap places.
Two slime creatures merge to form a very large slime creature.
Found a scroll of identify.
You barely miss the cyclops.
The human hits the slime creature!
The cyclops hits you but does no damage.
The slime creature hits the human but does no damage.
The human hits the slime creature but does no damage.
The cyclops hits you.
The human hits the slime creature!
The human hits the slime creature!
The very large slime creature attacks as you move away!
The very large slime creature barely misses you.
The cyclops throws a large rock.
The large rock hits you!!
The very large slime creature attacks as you move away!
The very large slime creature hits you!!!
The cyclops throws a large rock.
The large rock barely misses you.
The very large slime creature attacks as you move away!
The very large slime creature hits you!
* * * LOW HITPOINT WARNING * * *
Casting: Summon Guardian Golem (mildly dangerous; 5% risk of failure)
Confirm with . or Enter, or press ? or * to list all spells.
A guardian golem appears, shielding your allies.
The very large slime creature hits you!!!
You die...

# ###.......................#....
# #.......................#......
###.###...........#######........
#...................#####.#......
....###.#.........#.#..........#.
##..# #.#..########.......#..#...
##..# #.......# ######..#..#...
....# #.......##########..#......
##.####....pJ.9J@..^.............
##.#.......C..##########.###.##.#
.............?# #.###.##.#
##.#.......#### #######.........
##.#.......# #............?).
##.#.......# #........#####.#
##.#.......# #......^.....#.#
...#.......# #.....##.....#.#
..^#.......# #.....##.....#.#


You could see a very large slime creature, a slime creature, a cyclops (ally
target), a neutral human (sheltered, distracted) and a friendly guardian golem
(summoned).

Vanquished Creatures
  Kirke (D:14)
  A frost giant (IceCv)
  A fire dragon (Volcano)
  Erolcha (Orc:1)
  A catoblepas (Lair:1)
  3 centaur warriors
  A boulder beetle (D:12)
  3 two-headed ogres
  A death yak (IceCv)
  3 skysharks
  A fire crab (Lair:5)
  7 skeletal warriors
  4 orc knights
  Pikel (D:4)
  A harpy (Lair:2)
  A deep elf pyromancer (D:12)
  4 lindwurms
  11 ugly things
  A cyclops (Orc:1)
  6 orc sorcerers
  3 manticores (D:13)
  3 black mambas
  8 cane toads
  A cane toad (shapeshifter) (D:13)
  3 smoke demons (Volcano)
  3 gargoyles
  2 torpor snails
  11 komodo dragons
  An unseen horror (D:11)
  4 yaktaurs (D:12)
  7 rime drakes
  15 polar bears
  A meliai (shapeshifter) (D:13)
  6 trolls
  Prince Ribbit (D:9)
  4 hornets
  5 dream sheep
  28 blink frogs
  14 slime creatures
  3 wyverns
  11 spriggans (Lair:5)
  3 wraiths
  A shadow (D:13)
  52 yaks
  14 fire elementals
  3 steam dragons (Volcano)
  A basilisk (shapeshifter) (D:13)
  A basilisk (Lair:2)
  Eustachio (D:5)
  10 vampire mosquitoes
  A naga (Lair:3)
  3 wargs
  4 acid dragons
  A floating eye (shapeshifter) (D:13)
  12 water moccasins
  Duvessa (D:4)
  4 hell hounds (Volcano)
  16 orc warriors
  2 ice beasts (D:6)
  A black bear (Lair:5)
  A boggart (Lair:5)
  43 wolves
  9 centaurs
  4 ogres
  4 lemures (D:4)
  A phantom (D:6)
  2 kobold brigands (D:7)
  16 bullfrogs
  A scorpion (D:4)
  4 wights
  Dowan (D:4)
  A killer bee (D:11)
  8 vampire bats (Bailey)
  5 howler monkeys
  4 wolf zombies (Bailey)
  3 hounds
  13 orc priests
  A gnoll bouda (D:5)
  2 iguanas
  19 orc wizards
  3 hell rats (Lair:4)
  7 adders
  8 gnolls
  A shadow imp (D:7)
  A white imp (D:6)
  An ufetubus (D:7)
  A worm (D:2)
  A dart slug (D:1)
  51 orcs
  4 endoplasms
  7 giant cockroaches
  4 goblins
  11 hobgoblins
  6 jackals
  10 quokkas
  8 ball pythons
  4 bats
  8 frilled lizards
  15 kobolds
  7 orc zombies (Bailey)
  7 rats
625 creatures vanquished.

Vanquished Creatures (collateral kills)
  An orc warlord (Orc:2)
  A hydra (Lair:4)
  A skyshark (Lair:4)
  An elephant (D:11)
  2 cane toads
  A black mamba (Lair:2)
  A kobold demonologist (D:9)
  2 trolls
  A wyvern (Lair:2)
  A basilisk (D:11)
  A water moccasin (Lair:1)
  An orc warrior (Orc:2)
  2 ogres
  2 boggarts (Lair:5)
  2 wolves (Lair:5)
  3 bullfrogs
  A wolf zombie (Bailey)
  A jelly (D:6)
  An orc priest (D:9)
  3 hounds
  An iguana (D:5)
  5 orc wizards
  A sleepcap (D:6)
  3 gnolls
  2 adders
  An ufetubus (D:4)
  11 orcs
  A giant cockroach (D:3)
  2 goblins
  A hobgoblin (D:3)
  8 orc zombies (Bailey)
  A rat (D:3)
66 creatures vanquished.

Vanquished Creatures (others)
  A great orb of eyes (Gauntlet)
  3 hydras
  A centaur warrior (D:14)
  A two-headed ogre (D:7)
  4 death yaks (IceCv)
  A tengu warrior (D:14)
  A skyshark (Lair:5)
  3 skeletal warriors (D:14)
  A harpy (Lair:2)
  A lindwurm (Volcano)
  3 ugly things
  A cyclops (D:13)
  2 ice statues
  A gargoyle (Bailey)
  A cane toad (Lair:5)
  A tengu conjurer (D:14)
  3 hornets
  9 dream sheep
  A blink frog (Lair:2)
  2 spriggans (Lair:5)
  7 yaks
  A vampire (D:9)
  Grum (D:9)
  2 humans (D:14)
  A steam dragon (Volcano)
  A naga (Lair:3)
  Edmund (D:6)
  An acid dragon (D:9)
  A water moccasin (D:9)
  7 orc warriors
  A black bear (D:11)
  A boggart (Lair:5)
  2 wolves
  7 centaurs
  A bullfrog (Lair:1)
  A kobold brigand (D:10)
  A gnoll sergeant (D:9)
  10 killer bees
  A howler monkey (D:8)
  A jelly (D:5)
  A gnoll bouda (D:6)
  An orc priest (D:9)
  An iguana (D:6)
  2 hell rats (Lair:4)
  5 gnolls
  6 orc zombies (Bailey)
  An orc (D:9)
  57 foxfires
164 creatures vanquished.

Grand Total: 855 creatures vanquished

Notes
Turn   | Place    | Note
-------+----------+-------------------------------------------
     0 | D:1      | GloriousHammer the Ogre Cinder Acolyte began the quest for
                  | the Orb.
     0 | D:1      | Reached XP level 1. HP: 24/24 MP: 2/2
   160 | D:1      | Reached XP level 2. HP: 32/32 MP: 2/4
   176 | D:1      | Found a faded altar of an unknown god.
   243 | D:1      | Reached XP level 3. HP: 37/40 MP: 4/6
   287 | D:1      | Learned a level 2 spell: Scorch
   930 | D:1      | Learned a level 3 spell: Call Canine Familiar
  1248 | D:2      | Reached XP level 4. HP: 49/49 MP: 4/7
  1438 | D:2      | Reached skill level 1 in Summonings
  1782 | D:2      | Found a glowing silver altar of Zin.
  2447 | D:2      | Learned a level 3 spell: Summon Guardian Golem
  2544 | D:3      | Found the +6 shillelagh "Devastator" {shatter}
  2843 | D:3      | Reached XP level 5. HP: 55/55 MP: 4/9
  3226 | D:3      | Identified the +10 hand axe of Wyrd {heavy, Int+4}
  3373 | D:3      | Reached skill level 1 in Hexes
  3424 | D:3      | Found Epsear's Book Shoppe.
  3424 | D:3      | HP: 2/55 [orc priest/divine providence (13)]
  3478 | D:3      | Reached XP level 6. HP: 37/65 MP: 5/11
  3807 | D:3      | You fall into a shaft and drop 1 floor!
  3819 | D:4      | Found Zin's Purification Station.
  3841 | D:4      | Reached skill level 5 in Fighting
  4225 | D:4      | Found a glowing silver altar of Zin.
  4230 | D:4      | Bought a potion of curing for 90 gold pieces
  4257 | D:3      | Reached skill level 9 in Fighting
  4257 | D:3      | Reached skill level 5 in Dodging
  4257 | D:3      | Reached XP level 7. HP: 84/84 MP: 12/18
  4425 | D:4      | Noticed Dowan
  4428 | D:4      | Noticed Duvessa
  4432 | D:4      | Killed Dowan
  4436 | D:4      | Killed Duvessa
  4437 | D:4      | Reached XP level 8. HP: 74/93 MP: 4/20
  4944 | D:4      | Noticed Pikel
  4973 | D:4      | Killed Pikel
  4974 | D:4      | Reached skill level 10 in Fighting
  4974 | D:4      | Reached skill level 1 in Stealth
  5291 | D:4      | Learned a level 2 spell: Sublimation of Blood
  5463 | D:5      | Entered Level 5 of the Dungeon
  5499 | D:5      | Noticed Eustachio
  5540 | D:5      | Killed Eustachio
  5541 | D:5      | Reached XP level 9. HP: 84/101 MP: 3/21
  5933 | D:5      | Found a shimmering blue altar of Sif Muna.
  5934 | D:5      | Found a shadowy altar of Dithmenos.
  6332 | D:5      | Found a shimmering altar of Xom.
  7222 | D:6      | Found Ryvuu's Jewellery Shoppe.
  7231 | D:6      | Noticed Edmund
  7248 | D:6      | Killed Edmund
  7746 | D:6      | Found a staircase to the Ecumenical Temple.
  7796 | Temple   | Entered the Ecumenical Temple
  8050 | D:7      | Found a flagged portal.
  8084 | Bailey   | Entered a bailey
  8703 | Bailey   | Reached skill level 11 in Fighting
  8731 | Bailey   | Reached XP level 10. HP: 67/113 MP: 17/22
  9242 | Bailey   | Noticed a gargoyle
  9276 | Bailey   | Killed a gargoyle
 10038 | Bailey   | Identified the +2 cloak "Cuorumit" {Str+4}
 10046 | Bailey   | Identified the +3 robe "Gomue" {rPois Regen+ Int-5
                  | Archmagi}
 10181 | D:7      | Noticed a two-headed ogre
 10197 | D:7      | Killed a two-headed ogre
 10833 | D:7      | Found a broken altar of Ashenzari.
 11411 | D:7      | Upgraded the game from 0.30.0-10-gfe55d96785 to
                  | 0.30.0-11-gf55b779eaf
 11720 | D:8      | Reached skill level 12 in Fighting
 12282 | D:8      | Found an ancient bone altar of Kikubaaqudgha.
 12816 | D:9      | Learned a level 3 spell: Ozocubu's Armour
 12942 | D:9      | Reached XP level 11. HP: 123/123 MP: 21/23
 13029 | D:9      | Noticed Prince Ribbit
 13033 | D:9      | Killed Prince Ribbit
 13034 | D:9      | Reached skill level 1 in Ice Magic
 13047 | D:9      | Noticed Grum
 13056 | D:9      | Killed Grum
 13809 | D:9      | Found a staircase to the Orcish Mines.
 14186 | D:10     | Entered Level 10 of the Dungeon
 14318 | D:10     | Found Wiolav's Armour Shoppe.
 14363 | D:10     | Reached skill level 13 in Fighting
 14402 | D:10     | Found a portal to a secret trove of treasure.
 14502 | D:10     | Found a hazy altar of Hepliaklqana.
 14706 | D:10     | Noticed a two-headed ogre
 14719 | D:10     | Killed a two-headed ogre
 15242 | D:11     | Noticed a two-headed ogre
 15251 | D:11     | Killed a two-headed ogre
 15278 | D:11     | Identified the +0 rapier of Delightful Gallantry {flame,
                  | rN+ Str+8 Int-5 Stlth+}
 15476 | D:11     | Reached XP level 12. HP: 64/137 MP: 24/24
 15838 | D:11     | Found a staircase to the Lair.
 15852 | D:11     | Reached skill level 14 in Fighting
 15857 | D:11     | Reached skill level 10 in Maces & Flails
 16029 | Lair:1   | Entered Level 1 of the Lair of Beasts
 16033 | Lair:1   | Learned a level 2 spell: Wereblood
 16281 | Lair:1   | Reached skill level 1 in Transmutations
 16620 | Lair:1   | Noticed a catoblepas
 16674 | Lair:1   | Killed a catoblepas
 17269 | Lair:1   | Reached skill level 10 in Dodging
 17736 | Lair:2   | Found a staircase to the Shoals.
 17763 | Lair:2   | Reached skill level 15 in Fighting
 17866 | Lair:2   | Found a gate leading to a gauntlet.
 17888 | Gauntlet | Entered a Gauntlet
 17888 | Gauntlet | Found a transporter.
 17888 | Gauntlet | Found a transporter.
 17893 | Gauntlet | Found a transporter.
 17909 | Gauntlet | Found a transporter.
 17923 | Gauntlet | Found a transporter.
 17936 | Gauntlet | Found a transporter.
 17956 | Gauntlet | Noticed a great orb of eyes
 18027 | Gauntlet | Found a transporter.
 18041 | Gauntlet | Found a transporter.
 18055 | Gauntlet | Found a transporter.
 18068 | Gauntlet | Found a transporter.
 18157 | Gauntlet | Found a transporter.
 18167 | Gauntlet | Found a transporter.
 18177 | Gauntlet | Found a transporter.
 18177 | Gauntlet | Found a transporter.
 18179 | Gauntlet | Found a transporter.
 18187 | Gauntlet | Found a transporter.
 19354 | Gauntlet | Identified the ring of Jeoczin {rPois rF+ Str-4 Dex+4
                  | Stlth+}
 19432 | Gauntlet | Killed a great orb of eyes
 19433 | Gauntlet | Reached XP level 13. HP: 90/150 MP: 22/25
 19442 | Gauntlet | Identified the +1 hat of the Stone Wall {+Blink rPois rN+
                  | Dex-5}
 19547 | Gauntlet | Identified the +0 sling of Wariness {speed, rElec rF+ rCorr
                  | MP+9}
 19547 | Gauntlet | Noticed a minotaur
 19614 | Gauntlet | HP: 1/150 [minotaur/sling bullet (13)]
 21216 | Lair:3   | Found a staircase to the Snake Pit.
 21592 | Lair:3   | Reached skill level 1 in Armour
 22106 | Lair:3   | Found the +0 pair of fencer's gloves {Riposte Dex+3}
 22289 | Lair:3   | Reached skill level 16 in Fighting
 22983 | D:5      | Fell from the grace of Ignis
 22983 | D:5      | Became a worshipper of Sif Muna the Loreminder
 23255 | Lair:4   | Noticed Jackthecabe's ghost (journeyman DjFE)
 23269 | Lair:4   | Found a transporter.
 23396 | Lair:4   | You fall into a shaft and drop 1 floor!
 23396 | Lair:5   | Entered Level 5 of the Lair of Beasts
 23940 | Lair:4   | Found a transporter.
 24041 | Lair:4   | Found a bloodstained altar of Trog.
 24222 | Lair:4   | Reached * piety under Sif Muna
 24926 | Lair:4   | Was forgiven by Ignis
 25180 | D:6      | Bought the ring "Roappirolu" {rPois rF+ MP+9 AC+4 Int+4}
                  | for 978 gold pieces
 25469 | Lair:4   | Reached XP level 14. HP: 163/163 MP: 26/26
 25701 | Lair:5   | Upgraded the game from 0.30.0-11-gf55b779eaf to
                  | 0.30.0-15-g856e2d3f33
 25710 | Lair:5   | Learned a level 6 spell: Iron Shot
 25777 | Lair:5   | Reached skill level 1 in Throwing
 25777 | Lair:5   | Reached skill level 1 in Necromancy
 26297 | Lair:5   | Reached skill level 1 in Earth Magic
 26833 | Lair:5   | Found a staircase to the Slime Pits.
 27028 | Lair:5   | Reached ** piety under Sif Muna
 27116 | Lair:5   | Reached skill level 17 in Fighting
 27325 | Lair:5   | Reached skill level 5 in Summonings
 27364 | Lair:5   | Reached *** piety under Sif Muna
 27609 | Lair:5   | Reached skill level 1 in Invocations
 28539 | D:12     | Reached skill level 5 in Earth Magic
 28696 | D:12     | Reached **** piety under Sif Muna
 28906 | D:12     | Reached XP level 15. HP: 152/174 MP: 27/27
 29870 | D:13     | Found a frozen archway.
 29907 | IceCv    | Entered an ice cave
 30989 | IceCv    | Noticed a frost giant
 31055 | IceCv    | Killed a frost giant
 31428 | D:13     | Reached skill level 10 in Earth Magic
 31532 | D:13     | Reached ***** piety under Sif Muna
 31544 | D:13     | Received a gift from Sif Muna
 31684 | D:13     | Got Sif Muna's Tome of Concussion and Correspondence {god
                  | gift}
 31807 | D:13     | Found a gate to the Vaults.
 32385 | Orc:1    | Entered Level 1 of the Orcish Mines
 32431 | Orc:1    | Found a dark tunnel.
 32455 | Volcano  | Entered a volcano
 32852 | Orc:1    | Found Cepohur's Specific Store.
 32852 | Orc:1    | Found Jarchiti's General Store.
 32861 | Orc:1    | Bought a scroll of blinking for 105 gold pieces
 32948 | Orc:1    | Noticed Erolcha
 32963 | Orc:1    | Killed Erolcha
 33348 | Orc:1    | Found a runed translucent door.
 33351 | Orc:1    | Noticed a balrug
 33508 | Orc:2    | Entered Level 2 of the Orcish Mines
 33761 | Orc:2    | Found Otwyr's General Store.
 34217 | Orc:2    | Paralysed by an orc sorcerer for 3 turns
 34279 | Orc:2    | Found Pairaol's Antique Weapon Emporium.
 34380 | Orc:2    | Found a staircase to the Elven Halls.
 34539 | Orc:2    | Received a gift from Sif Muna
 34546 | Orc:2    | Got Sif Muna's Primer on Hidden Knowledge {god gift}
 34606 | Orc:2    | Found Nisic's Antique Armour Shoppe.
 34737 | Orc:2    | Reached XP level 16. HP: 177/183 MP: 28/28
 34872 | Orc:2    | Found Zaorphin's Jewellery Boutique.
 35075 | Orc:1    | Bought a +2 troll leather armour for 378 gold pieces
 35346 | D:13     | Learned a level 4 spell: Passage of Golubria
 35670 | D:14     | Noticed Kirke
 35672 | D:14     | Noticed a sphinx
 35688 | D:14     | Killed Kirke
 36260 | D:14     | Slain by a very large slime creature

Illustrated notes

Levels and vault maps discovered:
D:1:      minmay_arrival_radiant_lines, layout_loops_ring,
          shapermc_ecumenical_altar_venn, nrook_mini_backslash
D:2:      layout_basic, basic_altar, nicolae_figureground_sparkle
D:3:      layout_basic, serial_shops,
          nicolae_shop_temple_entry_statues_fountains, kennysheep_donut,
          minmay_circle_x
D:4:      nicolae_cairo_tiling_very_big, layout_cave_pods, zin_purify,
          uniq_duvessa, uniq_pikel
D:5:      layout_basic, xom_teletrap_fun, nicolae_overflow_squiral,
          uniq_eustachio
D:6:      layout_basic, minmay_temple_entry_statues_pillars, serial_shops, shop,
          uniq_edmund
D:7:      minmay_inner_zag, layout_basic, ashenzari_altar_1, enter_bailey_6
D:8:      layout_loops_ring, lemuel_coloured_pillars_altar, serial_rivers,
          chequers_serial_rivers_room_b, chequers_serial_rivers_micro_b,
          chequers_serial_rivers_micro_a, chequers_serial_rivers_micro_c,
          chequers_serial_rivers_room_b
D:9:      layout_long_grid, david_orc_4, uniq_prince_ribbit1, uniq_grum
D:10:     layout_basic, mainiacjoe_overflow_alcove_2, enter_trove_2,
          serial_shops, shop
D:11:     layout_rooms, david_lair_generic
D:12:     layout_basic, serial_glass, glass_columns_b, glass_columns_b,
          glass_columns_a, glass_columns_b, glass_columns_a, glass_columns_a,
          glass_columns_b, glass_columns_a, glass_columns_b, glass_columns_a,
          glass_columns_a, glass_columns_c, glass_columns_b, glass_columns_a,
          dreamdust_mushroom_princess
D:13:     layout_loops_ring, david_vaults_2, portal_ice_cave_entry_pillars_2
D:14:     layout_basic, minmay_holes, serial_shops,
          nicolae_shop_tiny_real_fake_doors, special_room [special_room_bee],
          uniq_kirke
Temple:   hellmonk_temple_two_chambers
Lair:1:   layout_cave_pods, serial_forest, infiniplex_forest_clump_long,
          infiniplex_forest_clump_small, infiniplex_forest_lined_1,
          infiniplex_forest_lined_room_2, infiniplex_forest_end_2,
          serial_bayou_shore_a, lemuel_fruit_tree, grunt_megastairs_3,
          infiniplex_staircase_pool_2
Lair:2:   layout_cave_pods, nicolae_shoals_entry_roost, gauntlet_entry_generic
Lair:3:   layout_long_grid, guppyfry_snake_entry_island
Lair:4:   layout_gridlike, gammafunk_ghost_wrathful_warriors
Lair:5:   minmay_lair_end_enchanted_forest, layout_gridlike, slime_entry_1
Orc:1:    dreamdust_dug_too_deep, layout_diamond_mine,
          nicolae_volcano_entry_hallway, nicolae_specific_store, uniq_erolcha
Orc:2:    grunt_orc_gardens, layout_caves, grunt_orc_garden, grunt_orc_garden,
          grunt_orc_garden, grunt_orc_garden, basic_altar

Skill      XL: |  1  2  3  4  5  6  7  8  9 10 11 12 13 14 15 16 |
---------------+-------------------------------------------------+-----
Fire Magic     | 3 |  3.1
Spellcasting   | 2 3 7 8 |  8.0
Summonings     | 2 3 4 5 |  5.0
Hexes          | 1 2 |  2.0
Fighting       | 9 10 11 12 13 15 16 17 | 17.4
Maces & Flails | 6 7 8 9 11 12 | 12.0
Dodging        | 5 6 7 9 10 11 | 11.6
Stealth        | 1 2 |  2.0
Ice Magic      | 2 |  2.0
Transmutations | 2 |  2.0
Armour         | 3 |  3.5
Throwing       | 2 |  2.9
Necromancy     | 2 |  2.0
Earth Magic    | 6 12 13 | 13.6
Invocations    | 3 |  3.0

Action                     |  1- 3 |  4- 6 |  7- 9 | 10-12 | 13-15 | 16-18 || total
---------------------------+-------+-------+-------+-------+-------+-------++-------
  Melee: Mace              |    46 |     7 |       |       |       |       ||    53
         Shillelagh        |       |     6 |       |     5 |   386 |       ||   397
         Dagger            |       |     2 |       |       |       |       ||     2
         Punch             |       |     1 |     1 |     4 |    12 |       ||    18
         Hand axe          |       |    10 |    83 |   334 |   568 |    31 ||  1026
         Great mace        |       |       |       |       |       |    94 ||    94
   Fire: Sling             |       |       |    66 |     5 |       |       ||    71
  Throw: Large rock        |       |       |       |     3 |     7 |     3 ||    13
         Boomerang         |       |       |       |     1 |     9 |       ||    10
         Dart              |       |       |       |       |     5 |       ||     5
   Cast: Scorch            |    15 |    53 |    64 |    57 |     5 |       ||   194
         Call Canine Famil |       |     7 |    39 |    72 |    60 |     3 ||   181
         Summon Guardian G |       |       |    18 |    55 |    85 |    21 ||   179
         Sublimation of Bl |       |       |     1 |       |     2 |       ||     3
         Ozocubu's Armour  |       |       |       |     3 |    16 |     1 ||    20
         Wereblood         |       |       |       |     2 |     3 |       ||     5
         Iron Shot         |       |       |       |       |     1 |     1 ||     2
 Invoke: Fiery Armour      |     2 |     1 |     2 |       |     1 |       ||     6
         Foxfire Swarm     |       |     1 |     1 |     1 |     1 |       ||     4
  Evoke: Wand              |       |       |       |     4 |     3 |       ||     7
         Phantom mirror    |       |       |       |       |     2 |       ||     2
    Use: Potion            |       |     3 |       |     3 |     6 |       ||    12
         Scroll            |       |     8 |     3 |     8 |     6 |       ||    25
   Stab: Distracted        |       |       |       |     1 |     3 |       ||     4
         Petrified         |       |       |       |     1 |       |       ||     1
         Paralysed         |       |       |       |       |    10 |       ||    10
         Sleeping          |       |       |       |       |     1 |       ||     1
 Armour: Robe              |    41 |    11 |    36 |   304 |   635 |    14 ||  1041
         Troll leather arm |       |       |       |       |       |    74 ||    74
  Dodge: Dodged            |    28 |    17 |    74 |   279 |   698 |    79 ||  1175
